 Dungeon Crawl Stone Soup version 0.28.0-62-gf88900778d (webtiles) character file.

Game seed: 17046648134006214226

60 cbfl8 the Chopper (level 4, -3/40 HPs)
             Began as a Hill Orc Berserker on June 29, 2023.
             Was a Believer of Trog.
             Slain by an orc
             ... wielding a +0 flail
              (5 damage)
             ... on level 3 of the Dungeon.
             The game lasted 00:01:26 (2121 turns).

cbfl8 the Chopper (Hill Orc Berserker)              Turns: 2121, Time: 00:01:27

Health: -3/40      AC:  6    Str: 19    XL:     4   Next: 6%
Magic:  4/4        EV: 11    Int:  7    God:    Trog [**....]
Gold:   82         SH:  0    Dex: 12    Spells: 3/3 levels left

rFire   . . .      SeeInvis .   a - +0 hand axe
rCold   . . .      Faith    .   (no shield)
rNeg    . . .      Spirit   .   g - +0 ring mail
rPois   .          Reflect  .   (no helmet)
rElec   .          Harm     .   (no cloak)
rCorr   .          Rampage  .   (no gloves)
Will    .....                   e - +0 pair of boots
Stlth   +.........              (no amulet)
HPRegen 0.13/turn               (no ring)
MPRegen 0.09/turn               (no ring)

@: no status effects
A: no striking features
a: Renounce Religion, Berserk, Trog's Hand


You were on level 3 of the Dungeon.
You worshipped Trog.
Trog was pleased with you.
You visited 1 branch of the dungeon, and saw 3 of its levels.

You collected 82 gold pieces.

Inventory:

Hand Weapons
 a - a +0 hand axe (weapon)
Armour
 e - a +0 pair of boots (worn)
 g - a +0 ring mail (worn)
Scrolls
 b - 2 scrolls of fog {unknown}
 f - 3 scrolls of immolation {unknown}
 h - a scroll of blinking
 i - a scroll of enchant weapon {unknown}
 l - a scroll of identify
Potions
 c - a potion of heal wounds
 d - a potion of ambrosia {unknown}
 j - a potion of curing {unknown}
 k - a potion of might {unknown}


   Skills:
 + Level 4.1 Fighting
 + Level 5.1 Axes
 + Level 2.2 Armour
 + Level 1.8 Dodging
 + Level 0.4 Stealth
 * Level 1.1 Evocations


You had 3 spell levels left.
You didn't know any spells.
Your spell library was empty.

Dungeon Overview and Level Annotations

Branches:
Dungeon (3/15)

Altars:


Message History

The orc hits you with a +0 flail. x2
You hit the orc.
The orc is heavily wounded.
You hit the bat. The bat closely misses you. The orc hits you with a +0 flail.
The bat hits you but does no damage.
You hit the bat.
You kill the bat!
Trog accepts your kill.
You hit the orc but do no damage. The orc hits you with a +0 flail.
You barely miss the orc.
The orc is heavily wounded.
The orc hits you but does no damage.
You hit the orc but do no damage.
The orc is heavily wounded.
The orc misses you.
You hit the orc but do no damage.
The orc is heavily wounded.
The orc hits you with a +0 flail.
You hit the orc but do no damage.
The orc is heavily wounded.
The orc hits you with a +0 flail!
You are too injured to fight recklessly!
You hit the orc but do no damage.
The orc is heavily wounded.
The orc hits you but does no damage.
You hit the orc but do no damage.
The orc is heavily wounded.
The orc hits you with a +0 flail.
* * * LOW HITPOINT WARNING * * *
You hit the orc.
The orc is almost dead.
The orc hits you with a +0 flail!
* * * LOW HITPOINT WARNING * * *
You hit the orc but do no damage.
The orc is almost dead.
The orc closely misses you.
You hit the orc but do no damage.
The orc is almost dead.
The orc hits you with a +0 flail.
You die...

#. ..#.# #.## #.#.#
#..# #.#.# ###.###
#>#.####### #.....#
#.#........
#.....###..........
#.........#########
#.....###.########
#.....##..@.......
###)####...o......
#.###.####....######
#.............#
########.#########
......##.#
.####...#.#
(.........#
.####.<.#.#


You could see an orc.

Vanquished Creatures
  An adder (D:2)
  2 dart slugs
  An orc (D:3)
  7 endoplasms
  A giant cockroach (D:1)
  2 goblins
  7 hobgoblins
  3 jackals (D:1)
  3 quokkas
  A ball python (D:2)
  6 bats
  2 frilled lizards
  3 kobolds
  A rat (D:2)
40 creatures vanquished.

Notes
Turn   | Place    | Note
-------+----------+-------------------------------------------
     0 | D:1      | cbfl8 the Hill Orc Berserker began the quest for the Orb.
     0 | D:1      | Reached XP level 1. HP: 19/19 MP: 1/1
   361 | D:1      | Reached XP level 2. HP: 11/27 MP: 2/2
   857 | D:1      | Reached XP level 3. HP: 22/33 MP: 3/3
  1253 | D:2      | Reached skill level 1 in Evocations
  1301 | D:2      | Reached ** piety under Trog
  1586 | D:2      | Reached skill level 5 in Axes
  1938 | D:2      | Found a faded altar of an unknown god.
  2055 | D:3      | Reached XP level 4. HP: 35/40 MP: 4/4
  2119 | D:3      | HP: 2/40 [orc/+0 flail (8)]
  2121 | D:3      | Slain by an orc

Illustrated notes

Levels and vault maps discovered:
D:1:      scummos_arrival_hexagon, layout_basic
D:2:      layout_basic, shapermc_ecumenical_altar_mp_highgroup
D:3:      layout_loops_ring, lemuel_round_altar

Skill      XL: |  1  2  3 |
---------------+----------+-----
Fighting       | 4 |  4.1
Evocations     | 1 |  1.1
Axes           | 5 |  5.1
Armour         | |  2.2
Dodging        | |  1.8
Stealth        | |  0.4

Action                   |  1- 3 |  4- 6 || total
-------------------------+-------+-------++-------
Melee: Hand axe          |   117 |    21 ||   138
       Punch             |     2 |       ||     2
Invok: Berserk           |     1 |       ||     1
  Use: Scroll            |     2 |       ||     2
 Stab: Sleeping          |     1 |       ||     1
Armor: Animal skin       |    18 |       ||    18
       Ring mail         |    26 |    10 ||    36
Dodge: Dodged            |    74 |     9 ||    83
